Map: Blackburn LE

Players

RiSky

  • Race: Zerg Zerg

Raza - Winner!

  • Race: Terran Terran

Event: DreamHack SC2 Masters 2021 Winter

VOD

Have the link to the VOD?

Description

Time

  • Played on: Sept. 30, 2021, 4:05 a.m.
  • Length: 3:55

All games in this series

Show
View Real Time Build Order
Export as new Build Order

RiSky Zerg 

Build Orders: Hatch First 

Get SALT Encoding   

  12  0:00  Drone  
  13  0:12  Overlord  
  13  0:17  Drone  
  14  0:30  Drone x2  
  16  0:48  Hatchery  
  15  0:50  Drone  
  15  0:54  Drone  
  17  0:57  Drone  
  18  1:09  Extractor  
  17  1:15  Spawning Pool  
  17  1:16  Drone  
  17  1:19  Drone  
  18  1:27  Drone  
  19  2:05  Zergling x8, Queen  
  19  2:06  Queen  
  21  2:28  Zergling x8  
  23  2:41  Zergling x2  
  22  2:58  Drone  
  19  3:04  Drone  
  18  3:16  Drone x2  
  20  3:21  Drone  
  20  3:26  Drone  
  22  3:35  Drone x2  
Show
View Real Time Build Order
Export as new Build Order

Raza Terran - Winner!

Build Orders:  

Get SALT Encoding   

  12  0:00  SCV  
  13  0:12  SCV  
  14  0:17  Supply Depot  
  14  0:24  SCV  
  15  0:39  Barracks  
  15  0:50  Barracks  
  15  0:54  SCV  
  16  1:06  SCV, Refinery  
  17  1:18  SCV  
  18  1:26  Marine  
  18  1:31  Orbital Command  
  19  1:37  Supply Depot, Marine  
  20  1:44  Marine  
  21  1:55  Marine  
  21  1:56  Bunker  
  21  1:58  SCV  
  23  2:02  Marine  
  24  2:12  Marine  
  25  2:23  SCV  
  25  2:24  Marine  
  25  2:26  Factory  
  25  2:28  Bunker  
  27  2:30  Marine  
  28  2:41  SCV  
  29  2:48  Refinery  
  29  2:49  Marine  
  30  2:53  SCV  
  30  2:54  Supply Depot  
  27  3:05  SCV  
  24  3:15  Starport  
  24  3:16  Factory Reactor  
  24  3:17  SCV  
  23  3:29  SCV  

Tags
 
Add a new tag
Caveats
  • Supply blocks, unpowered buildings, or Contaminate may cause inaccurate times.
  • Supply counts are checked every 10 seconds.